 Dungeon Crawl Stone Soup version 0.31.0-9-g3a7656b989 (webtiles) character file.

Game seed: 2225762053287230555

96 qw the Shooter (level 4, -2/25 HPs)
             Began as a Deep Elf Hunter on Feb 2, 2024.
             Slain by a gnoll
             ... wielding a +0 whip
              (5 damage)
             ... on level 3 of the Dungeon.
             The game lasted 00:00:05 (1918 turns).

qw the Shooter (Deep Elf Hunter)                    Turns: 1918, Time: 00:00:06

Health: -2/25      AC:  5    Str: 10    XL:     4   Next: 41%
Magic:  6/6        EV: 11    Int: 14    God:
Gold:   38         SH:  0    Dex: 18    Spells: 3/3 levels left

rFire   . . .        a - +0 shortbow
rCold   . . .        (shield currently unavailable)
rNeg    . . .        d - +0 ring mail
rPois   .            (no helmet)
rElec   .            (no cloak)
rCorr   .            (no gloves)
SInv    .            (no boots)
Will    .....        (no amulet)
Stlth   +            (no ring)
HPRegen 0.24/turn    (no ring)
MPRegen 0.10/turn

%: no passive effects
@: about to teleport
A: no striking features
a: no special abilities


You were on level 3 of the Dungeon.
You visited 1 branch of the dungeon, and saw 3 of its levels.

You collected 38 gold pieces.


   Skills:
 - Level 1.5 Fighting
 + Level 7.8 Ranged Weapons
 - Level 2.4 Dodging
 - Level 1.2 Stealth


You had 3 spell levels left.
You didn't know any spells.
Your spell library was empty.

Inventory:

Hand Weapons
 a - a +0 shortbow (weapon)
Armour
 d - a +0 ring mail (worn)
Scrolls
 c - a scroll of identify
Potions
 f - 2 potions of haste
 g - a potion of curing
 j - 3 potions of heal wounds {unknown}

Dungeon Overview and Level Annotations

Branches:
Dungeon (3/15)

Altars:


Message History

The gnoll hits you with a +0 whip of electrocution.
You shoot an arrow. The arrow hits the gnoll.
The gnoll is lightly wounded.
The gnoll barely misses you. x2
You shoot an arrow.
The arrow hits the gnoll but does no damage.
The gnoll is lightly wounded.
The gnoll hits you but does no damage.
You shoot an arrow. The arrow hits the gnoll!
The gnoll is severely wounded.
The gnoll barely misses you. The gnoll hits you with a +0 club. x2
The gnoll hits you with a +0 whip.
The gnoll hits you with a +0 whip of electrocution.
You shoot an arrow. The arrow hits the gnoll.
The gnoll is almost dead.
The gnoll barely misses you. The gnoll closely misses you.
The gnoll hits you with a +0 whip of electrocution.
You shoot an arrow. The arrow barely misses the gnoll.
The gnoll closely misses you. x2; The gnoll hits you but does no damage.
You shoot an arrow.
The arrow hits the gnoll but does no damage.
The gnoll is almost dead.
The gnoll misses you. The gnoll hits you but does no damage.
The gnoll barely misses you.
You shoot an arrow. The arrow hits the gnoll.
You kill the gnoll!
The gnoll closely misses you. The gnoll hits you but does no damage.
You shoot an arrow. The arrow hits the gnoll.
The gnoll is heavily wounded.
The gnoll hits you with a +0 whip.
The gnoll hits you with a +0 whip of electrocution.
1917 ||| READING scroll of teleportation.
As you read the scroll of teleportation, it crumbles to dust.
You feel strangely unstable. The gnoll misses you. x2
You shoot an arrow. The arrow hits the gnoll.
The gnoll is heavily wounded.
The gnoll barely misses you. The gnoll misses you.
The gnoll hits you with a +0 whip.
You die...

# . .# .. .#... ......
.#.######.....)#.......
......gg.......#......#
...#####@# #.....[#
.......).# #......#
...#####.# #......# #)#
#####......# #.#
#..........#
#.####..........##
+.................
#.####.....####### #.#
#..(..#######


You could see 2 gnolls.

Vanquished Creatures
  2 gnolls (D:3)
  3 adders (D:2)
  A dart slug (D:1)
  A ribbon worm (D:2)
  An orc (D:3)
  2 bats
  5 endoplasms (D:1)
  A giant cockroach (D:2)
  5 goblins
  3 hobgoblins
  6 kobolds
  A quokka (D:1)
  8 ball pythons
  6 rats
45 creatures vanquished.

Notes
Turn   | Place    | Note
-------+----------+-------------------------------------------
     0 | D:1      | qw the Deep Elf Hunter began the quest for the Orb.
     0 | D:1      | Reached XP level 1. HP: 12/12 MP: 3/3
     0 | D:1      | 0 ||| qw: Version: 0.3-a-155-g5e7d8dd
     0 | D:1      | 0 ||| qw: Game counter: 1453
     0 | D:1      | 0 ||| qw: Melee chars always use a shield: true
     0 | D:1      | 0 ||| qw: God list: Okawaru
     0 | D:1      | 0 ||| qw: Allow faded altars: false
     0 | D:1      | 0 ||| qw: Do Orc after clearing Dungeon:15 true
     0 | D:1      | 0 ||| qw: Do second Lair branch before Depths: true
     0 | D:1      | 0 ||| qw: Lair rune preference: random
     0 | D:1      | 0 ||| qw: Goals: Normal
     0 | D:1      | 0 ||| PLANNING D:1-11
   258 | D:1      | Reached skill level 6 in Ranged Weapons
   258 | D:1      | Reached XP level 2. HP: 16/16 MP: 4/4
   786 | D:1      | 786 ||| READING 2 scrolls labelled QUECLAE WAYPIU.
   786 | D:1      | 786 ||| IDENTIFYING 2 bubbling green potions
   787 | D:1      | 787 ||| READING scroll of identify.
   787 | D:1      | 787 ||| IDENTIFYING scroll labelled MUSKOIRORR
   788 | D:1      | 788 ||| READING scroll labelled TOIZIDDONU.
   791 | D:1      | 791 ||| DROPPING scroll of butterflies.
   792 | D:1      | 792 ||| DROPPING scroll of silence.
   801 | D:2      | 801 ||| RETREEEEATING.
   809 | D:2      | Reached XP level 3. HP: 14/20 MP: 5/5
  1055 | D:2      | Reached skill level 7 in Ranged Weapons
  1128 | D:2      | HP: 4/20 [adder (3)]
  1129 | D:2      | 1129 ||| READING 2 scrolls of teleportation.
  1287 | D:2      | Reached XP level 4. HP: 12/25 MP: 6/6
  1546 | D:2      | 1546 ||| UPGRADING to +0 ring mail.
  1556 | D:2      | 1556 ||| DROPPING +0 leather armour.
  1557 | D:2      | 1557 ||| READING scroll of identify.
  1557 | D:2      | 1557 ||| IDENTIFYING grey potion
  1558 | D:2      | 1558 ||| READING 2 scrolls labelled ZAIFRO GUCAPS.
  1659 | D:2      | 1659 ||| READING scroll labelled SUAMITA ZONENU.
  1660 | D:2      | 1660 ||| DROPPING scroll of vulnerability.
  1916 | D:3      | HP: 3/25 [gnoll/+0 whip of electrocution (4)]
  1917 | D:3      | 1917 ||| READING scroll of teleportation.
  1918 | D:3      | Slain by a gnoll

Levels and vault maps discovered:
D:1:      amcnicky_arrival_wind_blow, layout_basic
D:2:      layout_basic
D:3:      layout_basic, minmay_overflow_temple_star_quad

Skill      XL: |  1  2  3 |
---------------+----------+-----
Ranged Weapons | 6 7 |  7.8
Fighting       | |  1.5
Dodging        | |  2.4
Stealth        | |  1.2

Action                     |  1- 3 |  4- 6 || total
---------------------------+-------+-------++-------
   Fire: Shortbow          |    99 |    31 ||   130
    Use: Scroll            |     4 |     4 ||     8
 Armour: Leather armour    |    27 |     1 ||    28
         Ring mail         |       |    13 ||    13
  Dodge: Dodged            |    35 |    24 ||    59

Table legend:
 A = Non-vault XP
 B = Vault XP
 C = Vault XP percentage of total XP
 D = Non-vault monster count
 E = Vault monster count
 F = Vault count percentage of total count
                 A         B        C        D         E       F
            +---------+---------+-------+---------+---------+-------
      Total |     138 |       0 |   0.0 |      45 |       0 |   0.0
            +---------+---------+-------+---------+---------+-------
        D:1 |      38 |       0 |   0.0 |      22 |       0 |   0.0
        D:2 |      64 |       0 |   0.0 |      16 |       0 |   0.0
        D:3 |      36 |       0 |   0.0 |       7 |       0 |   0.0
            +---------+---------+-------+---------+---------+-------
